 Dungeon Sprint DCSS version 0.21-a0-417-g0adc95b (webtiles) character file.

43979 Kidiri the Warrior (level 13, -20/132 HPs)
             Began as a Yellow Draconian Transmuter on Nov 3, 2017.
             Was a High Priest of Wu Jian.
             Demolished by an orc warlord
             ... wielding a +0 halberd of protection
              (32 damage)
             ... in the Dungeon (Sprint VII: "The Pits").
             The game lasted 00:30:11 (6835 turns).

Kidiri the Warrior (Yellow Draconian Transmuter)    Turns: 6835, Time: 00:30:12

Health: -20/132    AC: 14    Str: 22    XL:     13   Next: 93%
Magic:  22/28      EV: 20    Int: 16    God:    Wu Jian [*****.]
Gold:   26         SH:  0    Dex: 16    Spells: 9/34 levels left

rFire    . . .     SeeInvis .     - Unarmed
rCold    . . .     Gourm    .   (shield currently unavailable)
rNeg     . . .     Faith    +   (armour unavailable)
rPois    +         Spirit   .   (helmet restricted)
rElec    .         Reflect  .   A - +2 cloak
rCorr    +         Harm     .   (gloves currently unavailable)
MR       .....     NoTele   +   (no boots)
Stlth    ++........             n - amulet "Aseu" {Faith rPois Str+2 Dex+2}
HPRegen  0.32/turn              Z - +5 ring of strength
MPRegen  0.21/turn              k - +3 ring of protection

@: exhausted, blade hands (expiring), glowing, heavenly storm
A: spit acid, acid resistance, unfitting armour, clever 1, screaming 1,
cold-blooded, AC +8
a: Breathe Acid, End Transformation, Serpent's Lash, Heavenly Storm, Renounce
Religion


You were in the Dungeon.
You worshipped Wu Jian.
Wu Jian was extremely pleased with you.
You were not hungry.
You had blades for hands.
You visited 1 branch You collected 26 gold pieces.

Inventory:

Missiles
 a - 15 arrows
 p - 32 javelins (quivered)
Armour
 A - a +2 cloak (worn)
Jewellery
 k - a +3 ring of protection (right scythe-like blade)
 n - the amulet "Aseu" (around neck) {Faith rPois Str+2 Dex+2}
   (You found it in the Dungeon)

   [amulet of faith]

   It allows you to gain divine favour quickly.
   It affects your strength (+2).
   It affects your dexterity (+2).
   It protects you from poison.
 Z - a +5 ring of strength (left scythe-like blade)
Scrolls
 i - 3 scrolls of blinking
 r - 3 scrolls of remove curse
 s - 5 scrolls of amnesia
 t - a scroll of summoning
 w - 2 scrolls of vulnerability
 B - 5 scrolls of identify
 H - a scroll of fog
 I - a scroll of recharging
 K - a scroll of fear
 Q - a scroll of magic mapping
Potions
 d - 7 potions of curing
 e - 8 potions of heal wounds
 f - 3 potions of haste
 g - 4 potions of magic
 h - 5 potions of berserk rage
 l - 2 potions of brilliance
 m - a potion of agility
 o - 2 potions of might
 q - 2 potions of invisibility
 z - 2 potions of lignification
Books
 C - a book of the Sky

   Spells                             Type                      Level
   a - Summon Lightning Spire         Summoning/Air                4
   b - Silence                        Hexes/Air                    5
   c - Deflect Missiles               Charms/Air                   6
   d - Conjure Ball Lightning         Conjuration/Air              6
   e - Tornado                        Air                          9
Comestibles
 c - 10 bread rations
 u - 11 fruits
 v - 8 meat rations
 D - 12 royal jellies


   Skills:
 * Level 17.1 Fighting
 + Level 11.0 Dodging
 + Level 11.7 Stealth
 * Level 16.1 Unarmed Combat
 + Level 11.1 Spellcasting
 + Level 3.4 Hexes
 + Level 5.3 Charms
 * Level 16.0 Transmutations
 + Level 11.2 Ice Magic
 + Level 5.8 Air Magic
 + Level 11.6 Poison Magic


You had 9 spell levels left.
You knew the following spells:

 Your Spells              Type           Power        Failure   Level  Hunger
a - Beastly Appendage     Tmut           ######       3%          1    None
b - Sticks to Snakes      Tmut           ######..     3%          2    None
c - Spider Form           Tmut/Pois      ######....   7%          3    None
d - Ice Form              Ice/Tmut       ######..     10%         4    ###....
e - Blade Hands           Tmut           ######....   10%         5    #####..
f - Cause Fear            Hex            ###.......   63%         4    ###....
g - Deflect Missiles      Chrm/Air       ####......   97%         6    ######.


Dungeon Overview and Level Annotations

Branches:
Dungeon (1/1)

Altars:
Ashenzari
Cheibriados
Dithmenos
Elyvilon
Fedhas
Gozag
Hepliaklqana
Kikubaaqudgha
Makhleb
Nemelex Xobeh
Okawaru
Qazlal
Ru
Sif Muna
Trog
Uskayaw
Vehumet
Wu Jian
Xom
Yredelemnul
Zin
The Shining One
Beogh
Jiyva
Lugonu

Annotations:
D exclusions: 9 doors and 8 more exclusions


Innate Abilities, Weirdness & Mutations

You can spit globs of acid.
You are resistant to acid.
Your golden yellow scales are hard. (AC +8)
You cannot fit into any form of body armour.
You are cold-blooded and may be slowed by cold attacks.
Your mind is acute. (Int +2)
You occasionally shout uncontrollably at your foes.


Message History

Things that are here:
a long sword of electrocution; a plate armour; an orc corpse You feel much better.
The orc warlord hits you from afar with a halberd of protection!
* * * LOW HITPOINT WARNING * * *
The daeva hits you with a long sword of holy wrath!
* * * LOW HITPOINT WARNING * * *
The daeva hits you with a long sword of holy wrath!
* * * LOW HITPOINT WARNING * * *
Unknown command.
You spin and attack the orc knight.
You slice the orc knight!!
You kill the orc knight!
The Council accepts your kill.
Unknown command.
You feel much better.
The daeva calls down the wrath of the Shining One upon you.
The Shining One smites you!
* * * LOW HITPOINT WARNING * * *
The orc warlord hits you from afar with a halberd of protection!!
You die...

#.# #+# #.# #+# #.# #+#
#############################+#
............§§§o§§§...........#
............§§oA@§§...........#
############oo##############..#
#...oo.# #..# #..o...# #..#
#..o...# #..# ###.o### #..#


op.o #..# A.op #..# ....# #..# You could see a daeva, an orc warlord and an orc
knight.

Vanquished Creatures
  An ancient lich (D)
  Saint Roka (D)
  An Ice Fiend (D)
  Ilsuiw (D)
  An orc warlord (D)
  A deep elf demonologist (D)
  A lorocyproca (D)
  A green death (D)
  2 merfolk javelineers (D)
  A hydra (D)
  A catoblepas (D)
  A merfolk aquamancer (D)
  5 hell hogs (D)
  A dancing weapon (D)
  A death knight (D)
  A vampire mage (D)
  A soul eater (D)
  A shadow wraith (D)
  A sixfirhy (D)
  2 sea snakes (D)
  A spriggan druid (D)
  A swamp dragon (D)
  A wizard (D)
  A deep troll (D)
  A phantasmal warrior (D)
  2 orc knights (D)
  Pikel (D)
  An orc sorcerer (D)
  An orb spider (shapeshifter) (D)
  2 deep elf magi (D)
  An ugly thing (D)
  A cyclops (D)
  A black mamba (D)
  A smoke demon (D)
  A molten gargoyle (D)
  A komodo dragon (D)
  A hellion (D)
  A kobold demonologist (D)
  A guardian mummy (D)
  A hellwing (D)
  2 polar bears (D)
  5 hornets (D)
  A troll (D)
  A merfolk (D)
  A snapping turtle (D)
  A shadow (D)
  4 water elementals (D)
  A flying skull (D)
  3 redbacks (D)
  3 spriggans (D)
  3 ynoxinuls (D)
  2 tarantellas (D)
  A vampire (D)
  A wyvern (D)
  A basilisk (D)
  A tarantella (shapeshifter) (D)
  2 steam dragons (D)
  Grum (D)
  3 vampire mosquitoes (D)
  A warg (D)
  A water moccasin (D)
  2 soldier ants (D)
  6 hell hounds (D)
  3 slaves (D)
  4 orc warriors (D)
  A sky beast (D)
  A swamp drake (D)
  A small abomination (D)
  An eye of draining (D)
  2 necrophages (D)
  3 wolves (D)
  A crocodile (D)
  A scorpion (D)
  5 killer bees (D)
  2 hounds (D)
  2 orc priests (D)
  Crazy Yiuf (D)
  A worker ant (D)
  A gnoll (D)
  2 river rats (D)
  2 adders (D)
  An ooze (D)
  An adder simulacrum (D)
  8 orcs (D)
  A giant cockroach (D)
  A goblin (D)
  2 hobgoblins (D)
  2 jackals (D)
  2 kobolds (D)
  A quokka (D)
  A rat (D)
149 creatures vanquished.

Vanquished Creatures (collateral kills)
  An orc wizard (D)
  An orc (D)
  A jackal skeleton (D)
  A kobold (D)
4 creatures vanquished.

Vanquished Creatures (others)
  A slave (D)
1 creature vanquished.

Grand Total: 154 creatures vanquished

Notes
Turn   | Place    | Note
-------+----------+-------------------------------------------
     0 | D        | Kidiri the Draconian Transmuter began the quest for the Orb.
     0 | D        | Reached XP level 1. HP: 16/16 MP: 3/3
    72 | D        | Found a bloodstained altar of Trog.
    72 | D        | Found a deep blue altar of Sif Muna.
    72 | D        | Found a viscous altar of Jiyva.
    72 | D        | Found a hazy altar of Hepliaklqana.
    72 | D        | Found an opulent altar of Gozag.
    73 | D        | Found a glowing golden altar of the Shining One.
    73 | D        | Found a glowing silver altar of Zin.
    73 | D        | Found a basalt altar of Yredelemnul.
    73 | D        | Found a shimmering altar of Xom.
    73 | D        | Found an ornate altar of the Wu Jian Council.
    73 | D        | Found a sacrificial altar of Ru.
    73 | D        | Found a stormy altar of Qazlal.
    73 | D        | Found an iron altar of Okawaru.
    73 | D        | Found a sparkling altar of Nemelex Xobeh.
    73 | D        | Found a burning altar of Makhleb.
    73 | D        | Found a blossoming altar of Fedhas.
    73 | D        | Found a white marble altar of Elyvilon.
    73 | D        | Found a shadowy altar of Dithmenos.
    73 | D        | Found a snail-covered altar of Cheibriados.
    75 | D        | Found a radiant altar of Vehumet.
    75 | D        | Found a corrupted altar of Lugonu.
    75 | D        | Found a roughly hewn altar of Beogh.
    76 | D        | Found a hide-covered altar of Uskayaw.
    76 | D        | Found an ancient bone altar of Kikubaaqudgha.
    76 | D        | Found a shattered altar of Ashenzari.
    82 | D        | Became a worshipper of the Wu Jian Council
   313 | D        | Reached skill level 2 in Fighting
   313 | D        | Reached skill level 1 in Stealth
   313 | D        | Reached XP level 2. HP: 12/25 MP: 1/5
   317 | D        | Learned a level 2 spell: Sticks to Snakes
   476 | D        | Reached * piety under Wu Jian
   476 | D        | Reached skill level 3 in Fighting
   476 | D        | Reached XP level 3. HP: 17/31 MP: 2/7
   747 | D        | Learned a level 3 spell: Spider Form
   777 | D        | Noticed a necrophage
   783 | D        | Reached ** piety under Wu Jian
   794 | D        | Killed a necrophage
   794 | D        | Reached skill level 4 in Fighting
   794 | D        | Reached skill level 5 in Unarmed Combat
   794 | D        | Reached skill level 1 in Poison Magic
   794 | D        | Reached XP level 4. HP: 13/40 MP: 3/8
  1063 | D        | Noticed a wolf
  1063 | D        | Noticed a necrophage
  1074 | D        | Killed a wolf
  1074 | D        | Reached *** piety under Wu Jian
  1074 | D        | Reached skill level 5 in Fighting
  1074 | D        | Reached skill level 5 in Transmutations
  1074 | D        | Reached XP level 5. HP: 32/49 MP: 2/10
  1106 | D        | Learned a level 4 spell: Ice Form
  1122 | D        | Killed a necrophage
  1122 | D        | Reached **** piety under Wu Jian
  1122 | D        | Reached skill level 6 in Fighting
  1122 | D        | Reached skill level 1 in Ice Magic
  1122 | D        | Reached XP level 6. HP: 17/56 MP: 0/12
  1373 | D        | Reached ***** piety under Wu Jian
  1376 | D        | Noticed a soldier ant
  1385 | D        | Killed a soldier ant
  1385 | D        | Reached skill level 7 in Fighting
  1636 | D        | Noticed a water moccasin
  1636 | D        | Noticed a flying skull
  1641 | D        | Killed a flying skull
  1641 | D        | Your scales start taking on a golden yellow colour.
  1641 | D        | Reached XP level 7. HP: 48/66 MP: 8/14
  1642 | D        | Reached skill level 8 in Fighting
  1642 | D        | Reached skill level 5 in Dodging
  1642 | D        | Reached skill level 5 in Spellcasting
  1703 | D        | Learned a level 5 spell: Blade Hands
  1772 | D        | Noticed a deep elf mage
  1773 | D        | Reached skill level 5 in Stealth
  1776 | D        | Reached XP level 8. HP: 73/74 MP: 9/16
  1778 | D        | Killed a deep elf mage
  1778 | D        | Reached skill level 9 in Fighting
  1778 | D        | Reached skill level 5 in Poison Magic
  1922 | D        | Noticed a sea snake
  1922 | D        | Noticed a hellwing
  1926 | D        | Killed a hellwing
  1929 | D        | Killed a sea snake
  1929 | D        | Reached skill level 10 in Fighting
  1929 | D        | Reached skill level 5 in Ice Magic
  1929 | D        | Reached XP level 9. HP: 53/84 MP: 12/18
  2333 | D        | Noticed a cyclops
  2337 | D        | Noticed a phantasmal warrior
  2341 | D        | Killed a cyclops
  2341 | D        | Reached skill level 10 in Unarmed Combat
  2341 | D        | Reached skill level 10 in Transmutations
  2344 | D        | Killed a phantasmal warrior
  2467 | D        | Noticed a sea snake
  2470 | D        | Killed a sea snake
  2470 | D        | Reached skill level 11 in Fighting
  2470 | D        | Reached XP level 10. HP: 95/95 MP: 9/20
  2531 | D        | Noticed a black mamba
  2537 | D        | Killed a black mamba
  2541 | D        | Noticed Crazy Yiuf
  2543 | D        | Killed Crazy Yiuf
  2544 | D        | Noticed a shadow wraith
  2546 | D        | Killed a shadow wraith
  2840 | D        | Noticed a sixfirhy
  2847 | D        | Killed a sixfirhy
  2847 | D        | Reached skill level 12 in Fighting
  2856 | D        | Reached ****** piety under Wu Jian
  2863 | D        | Gained mutation: You are clumsy. (Dex -2) [mutagenic meat]
  2864 | D        | Lost mutation: You are clumsy. (Dex -2) [mutagenic meat]
  3026 | D        | Noticed a swamp dragon
  3026 | D        | Noticed a hell hog
  3026 | D        | Noticed a hell hog
  3026 | D        | Noticed a hell hog
  3026 | D        | Noticed a hell hog
  3026 | D        | Noticed Pikel
  3032 | D        | Killed a hell hog
  3033 | D        | Killed a hell hog
  3033 | D        | Reached XP level 11. HP: 37/104 MP: 17/23
  3034 | D        | Killed a hell hog
  3044 | D        | Killed a hell hog
  3044 | D        | Reached skill level 13 in Fighting
  3047 | D        | Killed a swamp dragon
  3052 | D        | Killed Pikel
  3395 | D        | Got the +8 falchion "Leviticus" {flame, MR+}
  3485 | D        | Gained mutation: You have a pair of small antennae on your head. [potion of mutation]
  3485 | D        | Gained mutation: Your mind is acute. (Int +2) [potion of mutation]
  3517 | D        | Noticed Grum
  3525 | D        | Killed Grum
  3566 | D        | Noticed a green ugly thing
  3572 | D        | Killed a green ugly thing
  3614 | D        | Noticed a deep troll
  3620 | D        | Killed a deep troll
  3650 | D        | Noticed a deep elf mage
  3662 | D        | Killed a deep elf mage
  3777 | D        | Noticed Saint Roka
  3777 | D        | Noticed an orc sorcerer
  3779 | D        | Killed an orc sorcerer
  3779 | D        | Reached skill level 14 in Fighting
  3789 | D        | Reached XP level 12. HP: 61/117 MP: 21/25
  3791 | D        | Killed Saint Roka
  3791 | D        | Reached skill level 10 in Stealth
  4222 | D        | Noticed a merfolk aquamancer
  4229 | D        | Noticed a lorocyproca
  4229 | D        | Killed a lorocyproca
  4229 | D        | Reached skill level 10 in Poison Magic
  4229 | D        | Reached skill level 15 in Fighting
  4233 | D        | Killed a merfolk aquamancer
  4250 | D        | Got the amulet "Rixidwup" {Faith Int+4}
  4303 | D        | Learned a level 6 spell: Deflect Missiles
  4552 | D        | Noticed a catoblepas
  4552 | D        | Noticed Ilsuiw
  4552 | D        | Noticed a hell hog
  4555 | D        | Killed a hell hog
  4560 | D        | Reached skill level 1 in Air Magic
  4560 | D        | Reached skill level 1 in Charms
  4567 | D        | Noticed a green death
  4567 | D        | Killed Ilsuiw
  4567 | D        | Reached skill level 10 in Spellcasting
  4570 | D        | Killed a green death
  4570 | D        | Reached skill level 10 in Ice Magic
  4570 | D        | Noticed a vampire mage
  4572 | D        | Killed a vampire mage
  4572 | D        | Reached skill level 10 in Dodging
  4587 | D        | Reached XP level 13. HP: 29/128 MP: 27/27
  4620 | D        | Noticed a merfolk javelineer
  4664 | D        | Killed a merfolk javelineer
  4664 | D        | Reached skill level 15 in Unarmed Combat
  5037 | D        | Reached skill level 16 in Fighting
  5037 | D        | Reached skill level 15 in Transmutations
  5082 | D        | Noticed a merfolk javelineer
  5089 | D        | Killed a merfolk javelineer
  5344 | D        | Got the amulet "Aseu" {Faith rPois Str+2 Dex+2}
  5421 | D        | Learned a level 4 spell: Cause Fear
  5699 | D        | Noticed an ancient lich
  5704 | D        | Killed an ancient lich
  5704 | D        | Reached skill level 5 in Air Magic
  5774 | D        | Noticed an Ice Fiend
  5777 | D        | Killed an Ice Fiend
  5777 | D        | Reached skill level 5 in Charms
  5819 | D        | Noticed a deep elf demonologist
  5827 | D        | Killed a deep elf demonologist
  6266 | D        | Lost mutation: You have a pair of small antennae on your head. [mutagenic glow]
  6288 | D        | Gained mutation: You occasionally shout uncontrollably at your foes. [mutagenic glow]
  6818 | D        | Noticed an orc warlord
  6818 | D        | Noticed an orc warlord
  6824 | D        | Noticed a daeva
  6831 | D        | Killed an orc warlord
  6831 | D        | Reached skill level 17 in Fighting
  6833 | D        | HP: 4/132 [daeva/long sword of holy wrath (12)]
  6835 | D        | Demolished by an orc warlord

Vault maps used:
D:        pitsprint

Skill      XL: |  1  2  3  4  5  6  7  8  9 10 11 12 13 |
---------------+----------------------------------------+-----
Dodging        | 2 3 4 5 6 7 9 10 11 | 11.0
Fighting       | 2 3 4 5 6 7 8 10 11 12 14 15 17 | 17.1
Stealth        | 1 2 3 4 5 6 7 8 9 10 11 | 11.7
Transmutations | 3 4 5 6 7 8 9 10 11 13 14 16 | 16.0
Unarmed Combat | 4 5 6 7 8 9 10 12 13 14 16 | 16.1
Spellcasting   | 3 4 5 6 7 8 9 10 11 | 11.1
Poison Magic   | 1 2 3 4 6 8 9 10 11 | 11.6
Ice Magic      | 1 2 3 5 6 7 8 10 11 | 11.2
Air Magic      | 2 5 |  5.8
Charms         | 2 5 |  5.3
Hexes          | 3 |  3.4

Action                   |  1- 3 |  4- 6 |  7- 9 | 10-12 | 13-15 || total
-------------------------+-------+-------+-------+-------+-------++-------
Melee: Unarmed           |    42 |    46 |    39 |   194 |    72 ||   393
       Kick              |     5 |     3 |       |       |       ||     8
       Tailslap          |     3 |       |     4 |    15 |    10 ||    32
       Headbutt          |     1 |     1 |       |       |       ||     2
       Punch             |     1 |       |       |     9 |     7 ||    17
 Cast: Beastly Appendage |     4 |     1 |       |       |       ||     5
       Sticks to Snakes  |     2 |     4 |       |       |       ||     6
       Spider Form       |     1 |     1 |       |       |       ||     2
       Ice Form          |       |     2 |       |       |       ||     2
       Blade Hands       |       |       |     4 |    14 |    12 ||    30
Invok: Serpent's Lash    |       |     1 |     3 |     7 |     1 ||    12
       Heavenly Storm    |       |     1 |     2 |     5 |     6 ||    14
 Abil: Breathe Acid      |       |       |     1 |     2 |       ||     3
  Use: Potion            |       |       |       |     6 |     6 ||    12
 Stab: Sleeping          |       |     2 |       |     3 |     2 ||     7
       Distracted        |       |       |       |     2 |     1 ||     3
  Eat: Chunk             |       |     1 |       |     4 |       ||     5
       Fruit             |       |    11 |       |    11 |    11 ||    33
Armor: Skin              |     6 |     3 |     1 |    15 |     6 ||    31
Dodge: Dodged            |    34 |    27 |     7 |   100 |    31 ||   199

Table legend:
 A = Spawn XP
 B = Non-spawn XP
 C = Spawn XP percentage of total XP
 D = Spawn monster count
 E = Non-spawn monster count
 F = Spawn count percentage of total count
 G = Total turns spent on level
                    A         B        C        D         E        F      G
               +---------+---------+-------+---------+---------+-------+---------
         Total |       0 |   62828 |   0.0 |       0 |     150 |   0.0 |  6835
               +---------+---------+-------+---------+---------+-------+---------
             D |       0 |   62828 |   0.0 |       0 |     150 |   0.0 |  6835
               +---------+---------+-------+---------+---------+-------+---------
